[Event "*** SCC Grand Prix: Titled Tuesday Blitz"]
[Site "Chess.com"]
[Date "2020.06.09"]
[Round "6"]
[White "fm24601"]
[Black "MNyuyu"]
[Result "1-0"]
[WhiteElo "2530"]
[BlackElo "2354"]
[TimeControl "180+1"]
[EndTime "10:08:13 PDT"]
[Termination "fm24601 won on time"]

1. e4 d5 2. exd5 Qxd5 3. Nc3 Qd8 4. Bc4 c6 5. d3 Bf5 6. Nge2 e6 7. O-O Nf6 8. a4 Nbd7 9. Ng3 Bg6 10. f4 Be7 11. f5 exf5 12. Nxf5 O-O 13. Bg5 Bxf5 14. Rxf5 h6 15.
Bh4 Nb6 16. Bb3 Qd7 17. Qf3 Rae8 18. Rf1 Nbd5 19. Nxd5 Nxd5 20. Bg3 Bc5+ 21. Kh1 Re7 22. h3 Ne3 23. Rxc5 Nxf1 24. Qxf1 Qd4 25. Rf5 Qb4 26.
Kh2 Kh8 27. Bxf7 Qxb2 28. Bd6 Ree8 29. Bxf8 Rxf8 30. Bb3 Rxf5 31. Qxf5 Qd4 32. Qf8+ Kh7 33. Qg8+ Kg6 34. Qf7+ Kh7 35. Qf5+ Kh8 36. Qc8+ Kh7 37. Bg8+ Kg6 38. Qe8+ Kg5 39. Qe7+ Kf4 40. Bh7 g5 41. Qe2 Qe3 42. Qg4+ Ke5 43. Qg3+ Kd4 44. Qxe3+ Kxe3 45.
Kg3 Kd2 46. c4 Kc3 47. Kg4 Kb4 48. Kh5 Kxa4 49. Kxh6 Kb4 50. Kxg5 a5 51. c5 a4 52. h4 a3 53. Bg8 Kxc5 54. h5 b5 55.
h6 Kd4 56. h7 c5 57. h8=Q+ Kxd3 58. Qa1 b4 59. Qa2 Kd4 60. Qc4+ 1-0

[Event "*** SCC Grand Prix: Titled Tuesday Blitz"]
[Site "Chess.com"]
[Date "2020.06.09"]
[Round "6"]
[White "Man-Chuk"]
[Black "blitzking1729"]
[Result "1-0"]
[WhiteElo "2758"]
[BlackElo "2556"]
[TimeControl "180+1"]
[EndTime "10:08:16 PDT"]
[Termination "Man-Chuk won on time"]

1. d4 d5 2. c4 e6 3. Nc3 c5 4. cxd5 exd5 5. Nf3 Nc6 6. Bg5 Nf6 7. Bxf6 Qxf6 8.
Nxd5 Qd8 9. dxc5 Bxc5 10. e3 Be6 11. Nc3 Qb6 12. Bb5 O-O 13. O-O Rfd8 14. Qe2 a6 15. Bc4 Na5 16. Bxe6 Qxe6 17. Rac1 Rac8 18. Rfd1 Nc6 19. g3 h6 20. Kg2 Bb4 21. Rxd8+ Rxd8 22. a3 Be7 23. Qc2 Bf6 24. Ne2 Qd5 25. Nf4 Qb5 26. b4 a5 27. Qc5 Qxc5 28. Rxc5 axb4 29. axb4 Nxb4 30. Rb5 Nc6 31. Rxb7 g5 32. Nh5 Be7 33. g4 Re8 34. Ng3 Nd8 35. Rd7 Ne6 36. Nf5 Bf8 37.
Ra7 Nc5 38. h4 gxh4 39. N3xh4 Ne4 40. Ra4 Nf6 41. Nf3 Re4 42. Rxe4 Nxe4 43. Ne5 Nf6 44. f4 Nd5 45. Kf3 Ne7 46. Ke4 Ng6 47. Nf3 Kh7 48.
Ng3 Be7 49. Nh5 Nh4 50. Nxh4 Bxh4 51. Kf5 Be7 52. e4 Bd8 53. e5 Kg8 54. Ke4 Kh7 55. f5 Kg8 56. Kd5 Bg5 57. e6 Kf8 58. Kd6 fxe6 59.
Kxe6 Kg8 60. Ng3 Kf8 61. f6 Bf4 62. Nf5 Bg5 63. Ne7 Bh4 64. Ng6+ 1-0

[Event "*** SCC Grand Prix: Titled Tuesday Blitz"]
[Site "Chess.com"]
[Date "2020.06.09"]
[Round "6"]
[White "davidkalashian"]
[Black "Alex_Banzea"]
[Result "0-1"]
[WhiteElo "2592"]
[BlackElo "2455"]
[TimeControl "180+1"]
[EndTime "10:08:17 PDT"]
[Termination "Alex_Banzea won by checkmate"]

1. e4 c6 2. d4 d5 3. Nc3 dxe4 4. Nxe4 Nf6 5. Nxf6+ exf6 6. c3 Bf5 7. Bd3 Bxd3 8.
Qxd3 Bd6 9. Ne2 O-O 10. O-O Qc7 11. g3 Nd7 12. Bf4 a5 13. Rfe1 a4 14. Bxd6 Qxd6 15. Nf4 b5 16. h4 Nb6 17. h5 h6 18. Re2 Nd5 19. Nxd5 Qxd5 20. Qe4 Qxh5 21. Rae1 Rac8 22.
a3 Rfd8 23. Qe7 Qd5 24. Qb4 h5 25. Re4 g5 26. Qe7 Kg7 27. Re6 Qf5 28. Rxc6 Rd7 29. Qc5 Qxc5 30. Rxc5 Rxc5 31. dxc5 Rc7 32. Re4 Rxc5 33.
Rb4 g4 34. Kg2 Kg6 35. Kf1 Kg5 36. c4 bxc4 37. Rxa4 f5 38. f4+ Kg6 39. Rb4 c3 40. bxc3 Rxc3 41. Rb6+ f6 42. a4 Rxg3 43. a5 Rf3+ 44.
Kg2 Rxf4 45. a6 Ra4 46. Kg3 Kg5 47. Rb8 h4+ 48. Kg2 Ra2+ 49. Kg1 Rxa6 50. Rg8+ Kf4 51. Rb8 Ra3 52. Rb4+ Kg3 53. Rb1 h3 54. Kh1 f4 55.
Rg1+ Kh4 56. Rf1 f3 57. Rg1 g3 58. Rb1 f5 59. Rb4+ Kg5 60. Rb1 f4 61. Rb5+ Kg4 62.
Rb1 Ra2 63. Rd1 Rh2+ 64. Kg1 f2+ 65. Kf1 Rh1+ 66. Ke2 f3+ 67. Ke3 Rxd1 68. Ke4 Re1+ 69. Kd5 f1=Q 70. Kd6 Qe2 71. Kd7 Rd1+ 72. Kc8 Qc2+ 73.
Kb8 Rb1+ 74. Ka8 Qa2# 0-1

[Event "*** SCC Grand Prix: Titled Tuesday Blitz"]
[Site "Chess.com"]
[Date "2020.06.09"]
[Round "6"]
[White "bratkoo"]
[Black "LuckSlayeer"]
[Result "0-1"]
[WhiteElo "2328"]
[BlackElo "2460"]
[TimeControl "180+1"]
[EndTime "10:08:17 PDT"]
[Termination "LuckSlayeer won on time"]

1. e4 c5 2. Nf3 Nc6 3. Nc3 e6 4. d4 cxd4 5. Nxd4 Qc7 6. Qd3 a6 7. Bd2 Nb4 8. Qe2 Bc5 9. Be3 Nf6 10. O-O-O Be7 11. g4 d6 12. g5 Nd7 13. h4 b5 14.
Bg2 Bb7 15. h5 Nc5 16. g6 Bf6 17. a3 Nc6 18. Ndxb5 axb5 19. Nxb5 Qb6 20. Nxd6+ Ke7 21. e5 Bxe5 22. Nc4 Qb5 23. Bxc6 Bxb2+ 24. Nxb2 Qxe2 25.
Bxc5+ Kf6 26. Bxb7 Rab8 27. Bd4+ Ke7 28. Rhe1 Qxh5 29. Bxg7 Rhg8 30. Bc3 Rxb7 31. Bb4+ Kf6 32. gxh7 Qxh7 33. Bc3+ Ke7 34. Bb4+ Rxb4 35. axb4 Rb8 36. Rd4 Qh6+ 37. Kb1 Qf6 38. Red1 Qxf2 39. Rc4 Qe2 40. Rd3 Qe1+ 41. Ka2 Rxb4 42. Rxb4 Qxb4 43. Kb1 Qe1+ 44. Rd1 Qe5 45. Rf1 Qb8 46. Kc1 f5 47. Rd1 Kf6 48.
Nd3 e5 49. Nc5 Qb5 50. Rd5 Qf1+ 51. Kb2 e4 52. c3 Qf2+ 53. Kb3 Qf1 54. Kb4 Qb1+ 55.
Kc4 Qa2+ 56. Kd4 Qd2+ 57. Kc4 Qa2+ 58. Kd4 Qf2+ 59. Kc4 e3 60. Nd3 Qe2 61. Kd4 Qd1 62. Re5 e2 63. Re3 Qd2 64. Re8 f4 0-1

[Event "*** SCC Grand Prix: Titled Tuesday Blitz"]
[Site "Chess.com"]
[Date "2020.06.09"]
[Round "6"]
[White "SergeyKarjakin"]
[Black "Caracternin123"]
[Result "1-0"]
[WhiteElo "2959"]
[BlackElo "2557"]
[TimeControl "180+1"]
[EndTime "10:08:18 PDT"]
[Termination "SergeyKarjakin won by resignation"]

1. d4 Nf6 2. Nf3 d5 3. Bf4 e6 4. e3 Bd6 5. Nbd2 O-O 6. Bd3 c5 7. c3 Bxf4 8. exf4 cxd4 9. Nxd4 Nc6 10. N2f3 Qc7 11. g3 Nxd4 12. Nxd4 e5 13. fxe5 Qxe5+ 14. Qe2 Qc7 15. O-O Bg4 16. f3 Rfe8 17. Qf2 Bd7 18.
Rfe1 Qd6 19. a3 g6 20. Qd2 Kg7 21. Kf2 a5 22. Rxe8 Rxe8 23. Re1 a4 24. Rxe8 Bxe8 25. Qe3 Bd7 26. Nc2 Bc6 27. Qd4 Kg8 28. Ne3 Nd7 29. Bc2 Qc5 30. Qxc5 Nxc5 31. Ng4 Nd7 32. Ke3 Kf8 33. Kd4 Ke7 34. f4 Kd6 35. Ne5 f6 36.
Nf3 Nc5 37. h4 Ne6+ 38. Ke3 Be8 39. f5 Nc5 40. Nd4 Ke5 41. Nf3+ Kd6 42. Kf4 Ke7 43. Nd4 Kd6 44. g4 Ke7 45. g5 b6 46. Bb1 Nb7 47. Ba2 Bf7 48. fxg6 hxg6 49. Bb1 Nc5 50. Bc2 Ne6+ 51. Nxe6 Kxe6 52. Bxa4 Ke7 53. Bc2 Ke6 54. b4 Ke7 55. a4 Be8 56. a5 bxa5 57. bxa5 f5 58.
a6 Kd6 59. a7 Bc6 60. Bxf5 gxf5 61. Kxf5 Kc7 62. g6 d4 63. cxd4 Kb7 64. Ke5 Be8 65. Kf6 Bc6 66. h5 Kxa7 67. h6 1-0

[Event "*** SCC Grand Prix: Titled Tuesday Blitz"]
[Site "Chess.com"]
[Date "2020.06.09"]
[Round "6"]
[White "ajian"]
[Black "GiorgianBarbosa"]
[Result "0-1"]
[WhiteElo "2439"]
[BlackElo "2343"]
[TimeControl "180+1"]
[EndTime "10:08:19 PDT"]
[Termination "GiorgianBarbosa won by checkmate"]

1. d4 Nf6 2. c4 g6 3. Nc3 Bg7 4. e4 O-O 5. Nf3 c6 6. Bd3 d5 7. e5 Ne8 8. cxd5 cxd5 9. h3 Nc6 10. O-O Nc7 11. Be3 Rb8 12. Rc1 Ne6 13. Qd2 b6 14.
Ne2 Na5 15. Bh6 Nc4 16. Bxc4 dxc4 17. d5 Nc7 18. Bxg7 Kxg7 19. Rxc4 Nxd5 20. Rd4 Bb7 21. e6 fxe6 22. Ng5 Rf6 23. Ng3 Qg8 24. Re1 Rbf8 25. N3e4 Rf4 26. Nc3 R4f6 27. Nxd5 Bxd5 28. f3 h6 29. Ne4 Rf4 30. Qc3 Kh7 31. Qe3 Qf7 32. Nf2 Rf6 33. Ng4 Rf4 34. Ne5 Qf5 35.
g4 Qf6 36. Nd7 Qxd4 37. Nxf8+ Kg8 38. Nxe6 Bxe6 39. Qxd4 Rxd4 40. Rxe6 Kf7 41. Re2 Kf6 42. Kf2 e5 43. Rc2 Kg5 44. Kg3 h5 45. Rc6 h4+ 46. Kf2 Rd2+ 47. Ke3 Rxb2 48. Re6 Rxa2 49. Rxe5+ Kf6 50.
Rd5 Ra3+ 51. Kf4 Ra4+ 52. Ke3 Rb4 53. Rd7 a5 54. Rc7 a4 55. f4 a3 56. Ra7 Rb3+ 57.
Ke4 Rxh3 58. g5+ Ke6 59. Ra6 Rb3 60. Ra7 h3 61. Rg7 h2 62. Rxg6+ Kf7 63. Rh6 Rb2 64. Kf5 a2 65. Rh7+ Kg8 66. Ra7 h1=Q 67. Kg6 Qe4+ 68. f5 Qe8+ 69. Kh6 Qf8+ 70. Kg6 Qe8+ 71. Kh6 Rh2# 0-1

[Event "*** SCC Grand Prix: Titled Tuesday Blitz"]
[Site "Chess.com"]
[Date "2020.06.09"]
[Round "6"]
[White "rpragchess"]
[Black "Lagmantr"]
[Result "1-0"]
[WhiteElo "2847"]
[BlackElo "2716"]
[TimeControl "180+1"]
[EndTime "10:08:20 PDT"]
[Termination "rpragchess won by resignation"]

1. Nf3 d5 2. g3 Nf6 3. Bg2 Bg4 4. O-O Nbd7 5. d3 e6 6. h3 Bh5 7. c4 Bd6 8. Nc3 O-O 9. cxd5 exd5 10.
Qc2 c6 11. e4 dxe4 12. dxe4 Re8 13. Nd4 Bg6 14. Nb3 Be5 15. Re1 Bxc3 16. bxc3 Nxe4 17.
Rxe4 Bxe4 18. Bxe4 Nf6 19. Bf3 Re1+ 20. Kg2 h6 21. c4 Qd6 22. Ba3 Qe5 23. Bb2 Qe7 24.
Bxf6 gxf6 25. Rxe1 Qxe1 26. Nc5 Rd8 27. Qf5 Qe5 28. Qg4+ Qg5 29. Nxb7 Qxg4 30. hxg4 Rd2 31. a4 Rc2 32. Nd6 c5 33. a5 Ra2 34. Nb7 Kg7 35.
Bc6 Kg6 36. Bb5 f5 37. gxf5+ Kxf5 38. a6 Ke5 39. Nxc5 Kd6 40. Nd3 Rd2 41. c5+ Kc7 42. Nf4 f5 43. Ne6+ Kc8 44. Bc6 Rb2 45. Bb7+ Kb8 46. c6 Rc2 47. c7+ Rxc7 48. Nxc7 Kxc7 49.
Kf3 Kd6 50. Kf4 Ke6 51. Bc8+ Kf6 52. Bxf5 h5 53. Bh3 h4 54. gxh4 Kg6 55. Kg4 Kh6 56.
f4 Kg7 57. f5 Kh7 58. h5 Kh8 59. Kg5 Kg8 60. f6 Kh7 61. Kf5 Kg8 62. Ke6 Kf8 63. f7 Kg7 64. Ke7 Kh7 65. Bf5+ Kh6 66. f8=Q+ Kg5 67. Bg6 Kh4 68. Qf4+ Kh3 69. Qg5 Kh2 70.
Be4 Kh3 71. Bf3 1-0

[Event "*** SCC Grand Prix: Titled Tuesday Blitz"]
[Site "Chess.com"]
[Date "2020.06.09"]
[Round "6"]
[White "CrazyMartian"]
[Black "BIG_Pirate"]
[Result "0-1"]
[WhiteElo "2291"]
[BlackElo "2425"]
[TimeControl "180+1"]
[EndTime "10:08:20 PDT"]
[Termination "BIG_Pirate won on time"]

1. d4 d5 2. Bf4 Nf6 3. e3 c5 4. c3 Qb6 5. Qb3 Nc6 6. Nd2 g6 7.
Ngf3 c4 8. Qxb6 axb6 9. e4 dxe4 10. Ng5 b5 11. Ngxe4 Nd5 12. Bg3 Bg7 13. a3 O-O 14.
Be2 e5 15. dxe5 Nxe5 16. Nd6 Rd8 17. Nxb5 Nd3+ 18. Bxd3 cxd3 19. O-O Bh6 20. Nf3 Bd7 21.
Nc7 Nxc7 22. Bxc7 Rdc8 23. Be5 Ba4 24. Bd4 Re8 25. Ne5 d2 26. f4 d1=Q 27. Rfxd1 Bxd1 28. Rxd1 Bxf4 29. Nf3 Be3+ 30. Bxe3 Rxe3 31. Kf2 Re6 32. Rd7 Rb6 33. Rd2 Kg7 34. h4 Ra5 35. g3 Rab5 36. b4 Ra6 37. Ra2 Rf5 38. Kg2 Rff6 39. a4 Rac6 40.
Ra3 Rc4 41. a5 Rfc6 42. Ne5 Rxc3 43. Ra4 Rc2+ 44. Kh3 Re6 45. Ng4 h5 46. Nh2 Re3 47.
Nf1 Rb3 48. b5 Rxb5 49. Rf4 Rxa5 50. Ne3 Re2 51. Nc4 Raa2 52. g4 Rh2+ 53. Kg3 Rag2+ 54. Kf3 hxg4+ 55. Ke4 Rf2 56. Rxf2 Rxf2 57. Ne5 g3 58. Ke3 Rf5 59. Ng4 g2 60. h5 g1=Q+ 61. Kd3 Qxg4 0-1

[Event "*** SCC Grand Prix: Titled Tuesday Blitz"]
[Site "Chess.com"]
[Date "2020.06.09"]
[Round "6"]
[White "KamlaPasand"]
[Black "Semetey"]
[Result "0-1"]
[WhiteElo "2223"]
[BlackElo "2529"]
[TimeControl "180+1"]
[EndTime "10:08:21 PDT"]
[Termination "Semetey won on time"]

1. e4 g6 2. d4 Bg7 3. Bc4 c6 4. Nc3 d6 5. h3 b5 6. Bb3 a5 7.
a4 b4 8. Nce2 Nf6 9. Ng3 O-O 10.
N1e2 e5 11. O-O Qc7 12. Bg5 Nbd7 13. Qd2 Re8 14. Rae1 Bb7 15. Bh6 Bh8 16. f4 exd4 17. Nxd4 Qb6 18. Kh1 c5 19. Ndf5 gxf5 20. Nxf5 Nxe4 21.
Rxe4 Rxe4 22. Nxd6 c4 23. Nxc4 Rxc4 24. Bxc4 Qxh6 25.
Qxd7 Bxg2+ 26. Kxg2 Qg6+ 27. Kf3 Bxb2 28. Bd3 Qh5+ 29.
Qg4+ Qxg4+ 30. hxg4 Re8 31. Rh1 Bd4 32. Bxh7+ Kg7 33. Be4 Rc8 34. Rh7+ Kg8 35. Rh5 Rc3+ 36. Kg2 Bc5 37. Rg5+ Kf8 38. Rf5 Kg7 39. Bd5 f6 40. Be4 Bb6 41. Rb5 Bc7 42. Rb7 Kf8 43. g5 fxg5 44. fxg5 Rg3+ 45. Kf2 Rc3 46. g6 Kg7 47.
Bd3 Kf6 48. Ke2 Rc5 49. Rb5 Rc6 50. Kd1 Re6 51. Kc1 Bf4+ 52. Kb2 Be5+ 53. Kb3 Bc7 54. Rxa5 Bxa5 55. Kc4 Bd8 56. Kb5 Re5+ 57. Kc4 Ba5 58.
Kd4 Rg5 59. Kc4 Ke5 60. Kb3 Kd4 61. Kb2 Bd8 62. Kb3 Rg1 63. Kxb4 Rb1+ 64. Ka3 Kc3 65.
Ka2 Rb2+ 66. Ka1 Bf6 67. a5 Kb4 68. a6 Rxc2+ 0-1

[Event "*** SCC Grand Prix: Titled Tuesday Blitz"]
[Site "Chess.com"]
[Date "2020.06.09"]
[Round "6"]
[White "RestartingChess"]
[Black "GoltsevDmitry2000"]
[Result "1-0"]
[WhiteElo "2486"]
[BlackElo "2613"]
[TimeControl "180+1"]
[EndTime "10:08:24 PDT"]
[Termination "RestartingChess won by resignation"]

1. e4 c5 2. Nf3 e6 3. b3 a6 4. Bb2 Nc6 5. Be2 d5 6. exd5 exd5 7. d4 cxd4 8. Nxd4 Nf6 9. Nf3 Be7 10. O-O O-O 11.
h3 Be6 12. Nbd2 h6 13. Ne5 Qc7 14. Ndf3 Ne4 15. c4 Rad8 16. Qc2 Bf6 17. cxd5 Bxd5 18. Ng4 Bxb2 19. Qxb2 f5 20. Ne3 Be6 21. Rac1 Qb6 22. Bc4 Rde8 23. Bxe6+ Rxe6 24. Nd5 Qd8 25. Rcd1 Rd6 26.
Ne3 b5 27. Ne5 Ne7 28. Rxd6 Qxd6 29. Rd1 Qf6 30. b4 Nc6 31. Qb3+ Kh7 32. Nd7 Qe7 33. Nxf8+ Qxf8 34. Qe6 Nxb4 35. Nxf5 Ng5 36. Qe5 Nc6 37. Qd5 Qf6 38. Qd3 Ne5 39. Qc2 Qg6 40. Rd6 Qe8 41. Nxh6+ Kh8 42. Ng4 Nc4 43. Rd1 Qe7 44. Qd3 Ne5 45.
Qd8+ Qxd8 46. Rxd8+ Kh7 47. Nxe5 Ne4 48. Ra8 Nc5 49. Nc6 Kg6 50. Nb4 Kf6 51. Nxa6 Nd3 52. Nc7 b4 53. Rb8 Ke5 54. Na6 Kd4 55. Nxb4 Ne1 56.
Nc6+ Kc5 57. Rb7 Kxc6 58. Rxg7 Nd3 59. Rg3 Nf4 60. Rf3 Ne2+ 61. Kf1 Nd4 62. Rf6+ Kd5 63. h4 Ke5 64. Rf8 Ke6 65. h5 Ke7 66. Rf4 Ne6 67. Re4 1-0

[Event "*** SCC Grand Prix: Titled Tuesday Blitz"]
[Site "Chess.com"]
[Date "2020.06.09"]
[Round "6"]
[White "colegiodemadrid"]
[Black "GregShahade"]
[Result "0-1"]
[WhiteElo "2368"]
[BlackElo "2557"]
[TimeControl "180+1"]
[EndTime "10:08:28 PDT"]
[Termination "GregShahade won by resignation"]

1. e4 e5 2. Nf3 Nc6 3. Bb5 a6 4.
Ba4 Nf6 5. d3 b5 6. Bb3 Bc5 7.
Nc3 h6 8. a4 Rb8 9. axb5 axb5 10.
Nd5 d6 11. Be3 Bxe3 12. fxe3 O-O 13. O-O Nxd5 14. Bxd5 Ne7 15. Bb3 Ng6 16. Qd2 Qe7 17. Ra7 Be6 18. Bxe6 fxe6 19. Qc3 Rf7 20. Rfa1 Nh4 21. Nxh4 Qxh4 22. Qd2 Rbf8 23. Ra8 Kh7 24. Rxf8 Rxf8 25. Ra7 Rf7 26. Rb7 Qf6 27. Qe2 c6 28.
Rxf7 Qxf7 29. b3 Qa7 30. h3 Qc5 31. Kh2 Qc3 32. Qg4 Qxc2 33. Qxe6 Qxd3 34. Qf5+ Kg8 35. Qe6+ Kf8 36. Qc8+ Ke7 37. Qc7+ Kf6 38. Qd8+ Kg6 39.
Qe8+ Kh7 40. Qxc6 Qxe3 41. Qd5 Qd4 42. Qb7 b4 43. Qa8 Qd2 44. Qc6 Qd4 45. Qa8 Qd3 46. Qb7 Qxb3 47. Qd7 Qc4 48. Qf5+ Kg8 49. Qg6 Qc7 50.
Qe6+ Kh8 51. Qe8+ Kh7 52. Qe6 Qd8 53. Qf5+ Kh8 54. Qe6 Qb8 55. Qb3 Kh7 56. h4 h5 57.
Qf7 Qd8 58. Qxh5+ Kg8 59. Qg4 Qe7 60. Qc8+ Kh7 61. Kh3 Qf7 62. g3 b3 63. Qb7 Qf1+ 64.
Kg4 Qd1+ 65. Kg5 Qd2+ 66. Kf5 b2 67. Qb3 Qf2+ 68. Kg4 Qe2+ 69. Kg5 Qd2+ 70. Kg4 Qc1 71. Qf7 Qd1+ 72. Kg5 Qd2+ 73. Kg4 Qe2+ 74. Kg5 Qe3+ 75.
Kh5 Qh6+ 76. Kg4 Qg6+ 77. Qxg6+ Kxg6 0-1

[Event "*** SCC Grand Prix: Titled Tuesday Blitz"]
[Site "Chess.com"]
[Date "2020.06.09"]
[Round "6"]
[White "carlesdc96"]
[Black "OparinGrigoriy"]
[Result "1-0"]
[WhiteElo "2750"]
[BlackElo "2887"]
[TimeControl "180+1"]
[EndTime "10:08:32 PDT"]
[Termination "carlesdc96 won by resignation"]

1. e4 e5 2. Nf3 Nc6 3. Bb5 a6 4. Ba4 Nf6 5. O-O Be7 6. Re1 b5 7. Bb3 d6 8. c3 O-O 9. h3 Nb8 10.
d4 Nbd7 11. c4 c6 12. Nc3 b4 13. Ne2 Nxe4 14. Qc2 f5 15. c5+ d5 16. Be3 Kh8 17.
Nxe5 Nxe5 18. dxe5 Bh4 19. g3 Bg5 20. f4 Be7 21.
Kh2 Be6 22. Nd4 Qd7 23. Ba4 Rac8 24. a3 Nxc5 25. Bxc6 Rxc6 26. axb4 Rcc8 27. bxc5 Bxc5 28. Qa4 Qxa4 29. Rxa4 Bxd4 30. Bxd4 Rc2+ 31. Kh1 Ra8 32. Rea1 Bc8 33. Ra5 h5 34. h4 Rd2 35. Bc3 Rd3 36.
Kh2 Bb7 37. R5a4 Rc8 38. Re1 Kg8 39. e6 Re8 40. Re5 d4 41. Rxd4 Rxd4 42. Bxd4 Be4 43. e7 Kf7 44. Bc5 Rc8 45. b4 Ke8 46. Kg1 Rc6 47.
Kf2 Rc7 48. Ke3 Rc8 49. Re6 a5 50. Ra6 axb4 51. Bxb4 Rb8 52. Ba3 Rc8 53. Kd4 Kf7 54. Ra7 Re8 55. Ke5 Bb1 56. Bd6 Bc2 57. Rc7 Be4 58. Ra7 Bb1 59. Ra6 Be4 60. Rb6 Bd3 61.
Kd4 Be4 62. Bc5 Bc2 63. Bd6 Be4 64. Kc5 Bc2 65. Kc6 Be4+ 66. Kd7 Bc2 67. Ra6 Bd3 68. Rb6 Bc2 69. Bc5 Ba4+ 70. Kc7 Bc2 71. Rb8 Bd3 72.
Rxe8 Kxe8 73. Kd6 Bb5 74. Ke6 Bd7+ 75. Ke5 Bc8 76. Kd6 Kf7 77. Bd4 Ba6 78. Bxg7 Bb5 79.
Bh6 Ke8 80. Ke6 Bd3 81. Kf6 Bc2 82. Bf8 Bd3 83. Kg5 Kf7 84. Kxh5 Be2+ 85. Kg5 Bg4 86.
h5 Be2 87. h6 Bg4 88. h7 1-0

[Event "*** SCC Grand Prix: Titled Tuesday Blitz"]
[Site "Chess.com"]
[Date "2020.06.09"]
[Round "6"]
[White "TrenerChos"]
[Black "Roza_Idrisova"]
[Result "1-0"]
[WhiteElo "2362"]
[BlackElo "2177"]
[TimeControl "180+1"]
[EndTime "10:08:32 PDT"]
[Termination "TrenerChos won on time"]

1. d4 d5 2. c4 c6 3. Nc3 Nf6 4. Nf3 a6 5. e3 b5 6. b3 Bg4 7. Be2 e6 8. O-O Be7 9. h3 Bh5 10. g4 Bg6 11. Ne5 Nfd7 12. Nxg6 hxg6 13. Kg2 Bd6 14.
e4 b4 15. Nb1 Qh4 16. Rh1 Nf6 17. e5 Ne4 18. Be3 Be7 19. Bf3 Ng5 20. Bxg5 Bxg5 21. Qc2 Nd7 22. Nd2 Ke7 23. Rac1 Qh6 24. Rcd1 a5 25.
Nf1 Rac8 26. Ng3 Nb6 27. c5 Nd7 28. Qd3 Ra8 29. Be2 Bh4 30. Rdf1 Qf4 31. Bd1 f6 32. Qxg6 Rag8 33. exf6+ gxf6 34. Qd3 e5 35. Nf5+ Kd8 36. Nxh4 Rxh4 37. dxe5 fxe5 38. Qg3 Qg5 39. Re1 Rh7 40. h4 Qf6 41. f3 Re7 42. Bc2 Nxc5 43. g5 Qg7 44. f4 exf4 45. Qxf4 Nd7 46. Qd6 Rge8 47.
Qg3 Qb2 48. Qf2 Rxe1 49. Rxe1 Rxe1 50. Qxe1 Qxc2+ 51. Kg1 Qf5 52. Qf2 Qg4+ 53. Kf1 Ke7 54. Qe2+ Kd6 55. Qxg4 Ne5 56. Qf5 d4 57. Qf6+ Kd5 58.
Ke2 c5 59. Qd8+ Ke4 60. Qxa5 d3+ 61. Kd2 Nf3+ 62. Kd1 Kd4 63. Qd8+ 1-0

[Event "*** SCC Grand Prix: Titled Tuesday Blitz"]
[Site "Chess.com"]
[Date "2020.06.09"]
[Round "6"]
[White "AndrewMaco"]
[Black "TigrVShlyape"]
[Result "1-0"]
[WhiteElo "2686"]
[BlackElo "2883"]
[TimeControl "180+1"]
[EndTime "10:08:38 PDT"]
[Termination "AndrewMaco won by resignation"]

1. e4 e5 2. Nf3 Nc6 3. Bb5 a6 4. Ba4 Nf6 5. O-O Be7 6. Re1 b5 7. Bb3 O-O 8. a4 Bb7 9. d3 d6 10. Nbd2 Qd7 11. c3 Rfe8 12. h3 Nd8 13. d4 Bf8 14. Bc2 c6 15. Nf1 Qc7 16. Ng3 Ne6 17. Be3 g6 18. Qd2 Rad8 19. axb5 axb5 20. b4 Bg7 21. Bb3 Qb8 22. Qc2 h6 23. Rad1 Kh7 24. dxe5 dxe5 25. c4 Bc8 26. c5 Qc7 27. Rxd8 Rxd8 28.
Rd1 Ne8 29. Rxd8 Qxd8 30. Nf5 f6 31. Nxg7 Kxg7 32. Qa2 Qd7 33. g3 h5 34. h4 N6c7 35.
Nd2 Qe7 36. Qa7 Be6 37. Bxe6 Qxe6 38. Qb6 Kf7 39. Kg2 Ke7 40. Qa7 Kd7 41. Qa3 Kc8 42. Qd3 Na6 43. Qc3 Nb8 44. Nb3 Nc7 45. Na5 Nca6 46.
f4 Nd7 47. fxe5 Qxe5 48. Qd2 Qxe4+ 49. Kh2 Nxb4 50. Bf4 Nd3 51. Nxc6 Qxc6 52. Qxd3 f5 53. Qd4 Nxc5 54. Qh8+ Kb7 55. Qb8+ Ka6 56. Be3 Ka5 57.
Qa7+ Kb4 58. Qa1 Nb3 59. Qe1+ Qc3 60. Qf2 Nc5 61. Bd2 Ne4 62. Bxc3+ Kxc3 63. Qb6 b4 64. Qxg6 b3 65. Qxf5 Nd2 66. Qe5+ Kc2 67. Qc5+ Kd3 68.
Qd5+ Kc2 69. Qc5+ Kd3 70. Qb4 Kc2 71. g4 hxg4 72. h5 b2 73. h6 b1=Q 74. Qxb1+ Kxb1 75. h7 1-0

[Event "*** SCC Grand Prix: Titled Tuesday Blitz"]
[Site "Chess.com"]
[Date "2020.06.09"]
[Round "6"]
[White "wonderfultime"]
[Black "WIDBIFS"]
[Result "1-0"]
[WhiteElo "3000"]
[BlackElo "2690"]
[TimeControl "180+1"]
[EndTime "10:08:42 PDT"]
[Termination "wonderfultime won by resignation"]

1. d4 Nf6 2. Nf3 g6 3. Bg5 Bg7 4. Nbd2 O-O 5. c3 d5 6. e3 b6 7.
Bd3 Ba6 8. Bxa6 Nxa6 9. O-O c5 10.
Qe2 Nc7 11. Rfd1 Ne6 12. Bh4 Qc7 13. Rac1 Qb7 14. Bg3 Rfd8 15. h3 Rac8 16. Ne5 Nd7 17. Ndf3 Nxe5 18. Bxe5 Bxe5 19. Nxe5 Ng7 20. Qf3 e6 21. c4 cxd4 22. exd4 Nf5 23. Ng4 h5 24. Ne3 Nxe3 25. fxe3 Qe7 26. cxd5 Rxc1 27. Rxc1 Rxd5 28. Qf4 Qg5 29. Qxg5 Rxg5 30. Kf2 a5 31. a4 b5 32. b3 bxa4 33. bxa4 Rd5 34. Kf3 Kg7 35. Ke4 Kf6 36. Rc5 Rf5 37. g4 hxg4 38. hxg4 Rf1 39. Rxa5 Rg1 40.
g5+ Ke7 41. Rb5 Kd6 42. a5 Ra1 43. Rb6+ Kc7 44. Rb5 Kc6 45. Rc5+ Kd6 46. Kf3 Ra2 47. Rb5 Kc6 48. Re5 Kd6 49. Ke4 Ra3 50. Kf4 Kc6 51. Kf3 Kd6 52. Ke2 Kc6 53. Kd2 Ra1 54. Kc3 Kd6 55. Kc4 Rb1 56. Rc5 Ra1 57. Kb5 Rb1+ 58.
Ka6 Rb3 59. Re5 Rb4 60. Ka7 Kc7 61. a6 Kd6 62. Ka8 Kc7 63. Rc5+ Kd7 64. a7 Rb1 65. Rc2 Rb4 66. Rh2 e5 67. dxe5 Ke6 68. Rh8 Kxe5 69.
Rb8 Ra4 70. Kb7 Ke4 71. Re8+ Kf5 72. a8=Q Rxa8 73. Kxa8 Kxg5 74. Kb7 f5 75. Kc6 Kg4 76. Kd5 Kf3 77. Kd4 g5 78. Rf8 f4 79. exf4 gxf4 80.
Ke5 1-0

[Event "*** SCC Grand Prix: Titled Tuesday Blitz"]
[Site "Chess.com"]
[Date "2020.06.09"]
[Round "6"]
[White "MYMChessAcademy"]
[Black "DaggiGretarsson"]
[Result "0-1"]
[WhiteElo "2378"]
[BlackElo "2601"]
[TimeControl "180+1"]
[EndTime "10:08:46 PDT"]
[Termination "DaggiGretarsson won by resignation"]

1. e4 g6 2. d4 Bg7 3. Nc3 d6 4. Nf3 a6 5. Bc4 b5 6. Bb3 e6 7. Be3 Ne7 8. Qd2 h6 9. O-O Bb7 10. d5 e5 11. a4 f5 12. exf5 gxf5 13. Qd1 b4 14. Ne2 Nd7 15. c4 a5 16. Nh4 f4 17.
Bxf4 exf4 18. Nxf4 O-O 19. Ne6 Qe8 20. Nxc7 Qf7 21.
Nxa8 Bxa8 22. Bc2 Nc5 23. Qe2 Qf6 24. g3 Bb7 25. Rae1 Rf7 26. f4 Qxb2 27. Ng6 Nxg6 28. Bxg6 Qxe2 29. Bxf7+ Kxf7 30. Rxe2 Nxa4 31. Ra2 Nc5 32.
Rxa5 b3 33. Rb5 Ba6 34. Rb8 Bxc4 35. Re1 Bxd5 36. Rd1 Be4 37. Rxd6 b2 38. Rdb6 Nd7 39. Rxb2 Bd4+ 40. Kf1 Bd3+ 41. Ke1 Bc3+ 42. Kf2 Bd4+ 43.
Kf3 Nxb8 44. Rxb8 Bc4 45. Rb7+ Kf6 46. Rb4 Bd5+ 47. Ke2 Bg1 48. Kd3 Bxh2 49. Kd4 Be6 50. Ke4 Bxg3 51. Rb6 Bf2 52. Rc6 Ke7 53. f5 Bd7 54.
Rxh6 Be1 55. Ke5 Bc3+ 56. Kd5 Bxf5 57. Rh7+ Bxh7 58. Kc4 Bf6 59. Kd5 Kd7 60. Kc5 Be4 61. Kc4 Kc6 62. Kb4 Bd3 63. Ka4 Kb6 64. Kb4 Bd4 65. Ka4 Bc4 66. Kb4 Bd5 67. Ka4 Bc3 68. Ka3 Ba5 69. Ka4 Ka6 70. Ka3 Kb5 71. Kb2 Kc4 72. Kc2 Kd4 73. Kd1 Kd3 74. Kc1 Bc3 75. Kb1 Bb3 76. Kc1 Bb4 77. Kb1 Bc4 78. Kc1 Bc3 79. Kb1 Bb3 80. Kc1 Kc4 81. Kb1 Kb4 82. Kc1 Ka3 83. Kb1 Bd2 84. Ka1 Bc4 85.
Kb1 Bd3+ 0-1

[Event "*** SCC Grand Prix: Titled Tuesday Blitz"]
[Site "Chess.com"]
[Date "2020.06.09"]
[Round "6"]
[White "Raja3401"]
[Black "vinniethepooh"]
[Result "1-0"]
[WhiteElo "2809"]
[BlackElo "2551"]
[TimeControl "180+1"]
[EndTime "10:08:47 PDT"]
[Termination "Raja3401 won by resignation"]

1. d4 Nf6 2. Nf3 d5 3. g3 c5 4. c3 Nc6 5. Bg2 cxd4 6. cxd4 Bf5 7. O-O e6 8. Nc3 h6 9. Ne5 Bd6 10. Nxc6 bxc6 11. Bf4 Bxf4 12. gxf4 g5 13. fxg5 hxg5 14. Qd2 Qd6 15. f4 Ke7 16. Qe3 Rag8 17. Qe5 gxf4 18.
Qxd6+ Kxd6 19. Rxf4 Ng4 20. e4 dxe4 21. Nxe4+ Bxe4 22. Rxe4 f5 23. Re2 f4 24. Rf1 Rxh2 25. Rxf4 Rh6 26.
Kf1 Rf6 27. Rxf6 Nxf6 28. Re3 Nd5 29. Ra3 Rb8 30. b3 Rb4 31. Rxa7 Rxd4 32. Ke2 Rg4 33. Bf3 Rh4 34. a4 Rh2+ 35. Kd3 Nb4+ 36. Ke3 Rb2 37.
Bd1 Rb1 38. Kd2 Ra1 39. Rb7 Nd5 40. b4 e5 41. Bc2 Ra3 42. a5 Nxb4 43. Rxb4 Rxa5 44. Ke3 Ra3+ 45. Bd3 Ra1 46. Rb8 Re1+ 47. Be2 Rc1 48. Rd8+ Kc5 49. Re8 Rc3+ 50. Kd2 Ra3 51. Rxe5+ Kb6 52. Re6 Ra2+ 53. Kc3 Ra3+ 54. Kb4 Ra2 55.
Bf3 Rb2+ 56. Kc3 Rf2 57. Rxc6+ Kb5 58. Rf6 Kc5 59. Kd3 Ra2 60. Rc6+ Kb5 61. Rc3 Ra7 62. Kd4 Rd7+ 63. Bd5 Rh7 64. Rb3+ Ka4 65. Rb2 Rc7 66. Rb8 Rc1 67. Bc4 Ka5 68. Rb5+ Ka4 69. Rb6 Ka3 70. Kc5 Rd1 71. Rb8 Rc1 72. Kd4 Rd1+ 73. Kc3 Rc1+ 74. Kd3 Rd1+ 75. Kc2 Rd4 76. Kc3 Rd6 77. Ra8+ 1-0